 Dungeon Crawl Stone Soup version 0.18-a0-1024-gf1736fb (webtiles) character file.

268 vatarom the Sneak (level 6, 0/30 HPs)
             Began as a Vine Stalker Assassin on Jan 7, 2016.
             Was an Initiate of Okawaru.
             Slain by an orc (2 damage)
             ... on level 3 of the Dungeon.
             The game lasted 00:04:09 (1414 turns).

vatarom the Sneak (Vine Stalker Assassin)           Turns: 1414, Time: 00:04:09

Health: 0/30       AC:  3    Str: 13      XL:     6   Next: 21%
Magic:  0/16       EV: 11    Int:  9 (11) God:    Okawaru [......]
Gold:   57         SH:  0    Dex: 18      Spells: 0 memorised, 5 levels left

rFire  . . .     SeeInvis .     a - +2 dagger
rCold  . . .     Gourm    .     c - +0 robe
rNeg   . . .     Faith    .     (no shield)
rPois  .         Spirit   +     (no helmet)
rElec  .         Dismiss  .     d - +0 cloak
rCorr  .         Reflect  .     (no gloves)
SustAt .         Harm     .     (no boots)
MR     .....                    (no amulet)
Stlth  ++++......               j - ring of flight
                                i - ring of magical power

@: not resistant to hostile enchantments, stealthy
A: fangs 2, regeneration 2, magic shield, antimagic bite, no device heal 3, rot
immunity
a: Renounce Religion, Evoke Flight


You were on level 3 of the Dungeon.
You worshipped Okawaru.
Okawaru was noncommittal.
You were not hungry.

You visited 1 branch of the dungeon, and saw 3 of its levels.

You collected 57 gold pieces.

Inventory:

Hand Weapons
 a - a +2 dagger (weapon)
 b - a +0 blowgun
Missiles
 e - 8 poisoned needles
 f - 2 curare-tipped needles
Armour
 c - a +0 robe (worn)
 d - a +0 cloak (worn)
Jewellery
 i - a ring of magical power (left hand)
 j - a ring of flight (right hand)
Scrolls
 h - 3 scrolls of teleportation
Comestibles
 g - a bread ration


   Skills:
 - Level 1.7 Fighting
 + Level 4.3 Short Blades
 - Level 1.7 Throwing
 - Level 0.7 Dodging
 + Level 7.2 Stealth


You had 5 spell levels left.
You didn't know any spells.

Dungeon Overview and Level Annotations

Branches:
Dungeon (3/15)

Altars:
Okawaru


Innate Abilities, Weirdness & Mutations

You have extremely sharp teeth.
You heal very quickly.
When hurt, damage is shared between your health and your magic reserves.
Your bite disrupts and absorbs the magic of your enemies.
Potions and wands cannot restore your health.
You are immune to rotting.


Message History

You hit the hobgoblin.
The hobgoblin is severely wounded.
The hobgoblin hits you with a club. The orc barely misses you.
The orc hits you with a mace!
* * * LOW HITPOINT WARNING * * *
The orc barely misses you.
You completely miss the hobgoblin. Your bite misses the hobgoblin.
The hobgoblin is severely wounded.
The orc hits you but does no damage. The hobgoblin barely misses you.
You barely miss the hobgoblin.
You bite the hobgoblin, but do no damage.
The hobgoblin is severely wounded.
The orc misses you. The orc hits you.
* * * LOW HITPOINT WARNING * * *
The orc hits you with a mace!
* * * LOW HITPOINT WARNING * * *
The orc hits you but does no damage.
The hobgoblin hits you but does no damage.
The orc hits you.
You die...

#...).......# .#
#........†..##.###
#.......<.........
..).....####......
.###......#.......
###............
###..........
###g.......
#o.@.......
#.gooo.......
#...###........
...# ......... .#
..#.....#
...#......
...#......
#...#......


You could see 4 orcs and 2 hobgoblins.

Vanquished Creatures
  Sigmund (D:2)
  An orc priest (D:3)
  2 adders (D:2)
  An ooze (D:1)
  A worm (D:3)
  2 giant geckos (D:2)
  5 bats
  2 giant cockroaches (D:1)
  4 goblins (D:1)
  6 hobgoblins (D:1)
  8 jackals (D:1)
  A giant newt (D:1)
  5 kobolds
  5 rats
44 creatures vanquished.

Vanquished Creatures (others)
  A ball python (D:3)
1 creature vanquished.

Grand Total: 45 creatures vanquished

Notes
Turn   | Place    | Note
--------------------------------------------------------------
     0 | D:1      | vatarom the Vine Stalker Assassin began the quest for the Orb.
     0 | D:1      | Reached XP level 1. HP: 11/11 MP: 2/2
   178 | D:1      | Reached skill level 5 in Stealth
   180 | D:1      | Reached XP level 2. HP: 8/15 MP: 3/3
   347 | D:1      | Gained mutation: You are dopey. (Int -2) [potion of mutation]
   347 | D:1      | Gained mutation: You are partially covered in rough black scales (AC +4, Dex -1). [potion of mutation]
   347 | D:1      | Gained mutation: You are partially covered in large bone plates (AC +2, SH +2). [potion of mutation]
   422 | D:1      | Reached XP level 3. HP: 18/18 MP: 4/4
  1097 | D:2      | Found an iron altar of Okawaru.
  1110 | D:2      | Became a worshipper of Warmaster Okawaru
  1231 | D:2      | Lost mutation: You are partially covered in rough black scales (AC +4, Dex -1). [potion of cure mutation]
  1231 | D:2      | Lost mutation: You are dopey. (Int -2) [potion of cure mutation]
  1231 | D:2      | Lost mutation: You are partially covered in large bone plates (AC +2, SH +2). [potion of cure mutation]
  1253 | D:2      | Reached XP level 4. HP: 20/23 MP: 5/5
  1276 | D:2      | Noticed Sigmund
  1284 | D:2      | Killed Sigmund
  1284 | D:2      | Reached skill level 7 in Stealth
  1284 | D:2      | Reached XP level 5. HP: 24/26 MP: 6/6
  1284 | D:2      | Gained mutation: You heal very quickly. [Vine Stalker growth]
  1284 | D:2      | Reached XP level 6. HP: 27/30 MP: 7/7
  1413 | D:3      | HP: 1/30 [orc/mace (6)]
  1414 | D:3      | Slain by an orc

Vault maps used:
D:1:      evilmike_arrival_crescent
D:2:      okawaru_gym_becter, uniq_sigmund
D:3:      elyvilon_altar_4, first_bread, minmay_unequal, uniq_robin

Action                   |  1- 3 |  4- 6 || total
-------------------------+-------+-------++-------
Melee: Dagger            |   110 |    26 ||   136
  Use: Potion            |     7 |     1 ||     8
       Scroll            |     8 |       ||     8
 Stab: Sleeping          |     9 |     4 ||    13
  Eat: Bread ration      |     1 |       ||     1
